 Dungeon Crawl Stone Soup version 0.17.1-3-g152610e (webtiles) character file.

3568 Goblin1989 the Martial Artist (level 9, -3/74 HPs)
             Began as a Demonspawn Monk on Feb 22, 2016.
             Was a High Priest of Cheibriados.
             Killed by divine providence
             ... invoked by an orc priest
              (14 damage)
             ... on level 9 of the Dungeon.
             The game lasted 00:17:29 (7569 turns).

Goblin1989 the Martial Artist (Demonspawn Monk)     Turns: 7569, Time: 00:17:30

Health: -3/74      AC: 15    Str: 31    XL:     9   Next: 84%
Magic:  15/15      EV: 11    Int: 23    God:    Cheibriados [*****.]
Gold:   418        SH:  0    Dex: 26    Spells: 0 memorised, 8 levels left

rFire  + . .     SeeInvis .       - Unarmed
rCold  . . .     Clarity  .     C - +1 chain mail {rF+}
rNeg   . . .     SustAt   .     (no shield)
rPois  .         Gourm    .     (helmet restricted)
rElec  .         Spirit   .     n - +0 cloak
rCorr  +         Warding  .     (no gloves)
rMut   .         Stasis   .     (no boots)
MR     .....                    s - amulet of resist corrosion
Stlth  +.........               (no ring)
                                p - +5 ring of protection

@: mighty, very slow, not resistant to hostile enchantments, very unstealthy
A: claws 2, horns 2, talons 2, nightstalker 1
a: Bend Time, Temporal Distortion, Slouch, Step From Time, Renounce Religion


You were on level 9 of the Dungeon.
You worshipped Cheibriados.
Cheibriados was extremely pleased with you.
You were not hungry.

You visited 1 branch of the dungeon, and saw 9 of its levels.

You collected 418 gold pieces.

Inventory:

Armour
 n - a +0 cloak (worn)
 C - a +1 chain mail of fire resistance (worn)
Rods
 D - a +0 rod of ignition (13/13)
   (You found it on level 8 of the Dungeon)
Jewellery
 p - a +5 ring of protection (left claw)
 r - a +3 ring of protection
 s - an amulet of resist corrosion (around neck)
 x - a +4 ring of intelligence {unknown}
 B - a +5 ring of strength {unknown}
Wands
 A - a wand of disintegration (11)
Scrolls
 d - 2 scrolls of enchant armour {unknown}
 g - 7 scrolls of identify {unknown}
 j - 2 scrolls of fog {unknown}
 k - 4 scrolls of recharging {unknown}
 q - 2 scrolls of magic mapping {unknown}
 u - 2 scrolls of fear {unknown}
 w - a scroll of immolation {unknown}
Potions
 a - 2 potions of lignification {unknown}
 c - a potion of might
 e - 5 potions of curing {unknown}
 h - 5 potions of agility {unknown}
 i - 3 potions of brilliance {unknown}
 l - a potion of beneficial mutation {unknown}
 m - a potion of magic {unknown}
 o - a potion of flight {unknown}
 t - a potion of resistance {unknown}
 v - a potion of cancellation {unknown}
Comestibles
 b - 2 bread rations
 f - 2 fruits
 z - 2 beef jerkies


   Skills:
 + Level 8.0 Fighting
 * Level 1.7 Armour
 - Level 2.6 Dodging
 - Level 1.7 Stealth
 + Level 10.0 Unarmed Combat
 + Level 8.0 Invocations


You had 8 spell levels left.
You didn't know any spells.

Dungeon Overview and Level Annotations

Branches:
Dungeon (9/15)             Temple (0/1) D:7
   Lair: D:8-11         Orc: D:9-12

Altars:
Cheibriados
Kikubaaqudgha
Nemelex Xobeh
Ru
Trog
Zin

Shops:
D:6 (

Annotations:
D:4 F1L1N's ghost, amateur GrGl
D:5 Eustachio
D:6 F1L1N's ghost, amateur GrGl
D:8 exclusion: 3 doors


Innate Abilities, Weirdness & Mutations

You have very sharp fingernails.
You have a pair of horns on your head.
You have razor-sharp toenails.
You are slightly more attuned to the shadows.


Message History

The orc shouts!
The orc priest barely misses you.
The orc priest hits you but does no damage.
The orc priest barely misses you.
Items here: )))) [[[ †††† You claw the orc priest!
You kill the orc priest!
Cheibriados thoroughly appreciates the change of pace.
The orc barely misses you.
Things that are here:
a ring mail; a hand axe Your chain mail prevents you from hitting the orc.
You claw the orc.
The orc is moderately wounded.
Drink which item? (? for menu, Esc to quit)
You feel very mighty all of a sudden. The orc hits you but does no damage.
The orc priest calls down the wrath of Beogh upon you.
Something smites you!
You die...

#.....'...... ##+###
.#.o.. ##....#####+#
......#.#o... ##....###
........8o.⌠. #.......#
........'oo. #.......#
........8o #.......#
........# #.......#
.......o#######.......#
.......ooo@[..........#
#######################


You could see an orc priest and 3 orcs.

Vanquished Creatures
  A two-headed ogre (D:8)
  Prince Ribbit (D:7)
  A shadow (D:8)
  A wyvern (D:8)
  A hungry ghost (D:7)
  An ogre (D:8)
  A sky beast (D:8)
  4 orc warriors
  A centaur (D:6)
  3 ice beasts
  A necrophage (D:8)
  3 big kobolds
  A wyvern skeleton (D:8)
  2 giant frogs
  2 scorpions
  5 killer bees
  2 crimson imps
  4 wights (D:7)
  6 orc priests
  6 orc wizards
  2 centaur skeletons
  A hound (D:4)
  Crazy Yiuf (D:7)
  2 iguanas
  6 worker ants
  4 adders
  2 worker ant zombies (D:8)
  2 shadow imps
  An ooze (D:5)
  2 worms (D:2)
  5 giant geckos
  31 orcs
  A ball python (D:3)
  8 bats
  5 goblins
  3 hobgoblins
  2 jackals (D:6)
  5 quokkas
  A ball python skeleton (D:4)
  4 giant cockroaches
  29 kobolds
  A quokka skeleton (D:3)
  5 rats
  A bush (D:7)
  A fungus (D:7)
172 creatures vanquished.

Vanquished Creatures (others)
  A hobgoblin (D:3)
1 creature vanquished.

Grand Total: 173 creatures vanquished

Notes
Turn   | Place    | Note
--------------------------------------------------------------
     0 | D:1      | Goblin1989 the Demonspawn Monk began the quest for the Orb.
     0 | D:1      | Reached XP level 1. HP: 18/18 MP: 1/1
   239 | D:1      | Reached skill level 4 in Unarmed Combat
   246 | D:1      | Gained mutation: You have sharp fingernails. [demonic ancestry]
   246 | D:1      | Reached XP level 2. HP: 24/24 MP: 2/2
   550 | D:2      | Found a sparkling altar of Nemelex Xobeh.
   774 | D:2      | Gained mutation: You have very sharp fingernails. [demonic ancestry]
   774 | D:2      | Reached XP level 3. HP: 29/29 MP: 3/3
  1533 | D:3      | Noticed an angel
  1534 | D:3      | Found a glowing silver altar of Zin.
  1824 | D:4      | Reached skill level 5 in Unarmed Combat
  1824 | D:4      | Reached XP level 4. HP: 16/35 MP: 4/4
  2244 | D:4      | Found a sacrificial altar of Ru.
  2460 | D:4      | Noticed F1L1N's ghost (amateur GrGl)
  2509 | D:5      | Entered Level 5 of the Dungeon
  2527 | D:5      | Gained mutation: You have sharp toenails. [demonic ancestry]
  2527 | D:5      | Reached XP level 5. HP: 41/41 MP: 5/5
  2626 | D:5      | Noticed Eustachio
  2770 | D:5      | Reached skill level 6 in Unarmed Combat
  3349 | D:4      | Got a jasper-studded ring mail
  3360 | D:4      | Identified the +4 ring mail of Generosity {rElec Regen+ Dex-5} (You found it on level 4 of the Dungeon)
  3534 | D:6      | Noticed an ice beast
  3548 | D:6      | Killed an ice beast
  3548 | D:6      | Gained mutation: You are slightly more attuned to the shadows. [demonic ancestry]
  3548 | D:6      | Reached XP level 6. HP: 34/47 MP: 6/6
  3712 | D:6      | Reached skill level 7 in Unarmed Combat
  3927 | D:6      | Found a snail-covered altar of Cheibriados.
  3929 | D:6      | Found a bloodstained altar of Trog.
  3934 | D:6      | Became a worshipper of Cheibriados the Contemplative
  3934 | D:6      | Reached * piety under Cheibriados
  3934 | D:6      | Reached ** piety under Cheibriados
  3983 | D:6      | Noticed an ice beast
  3992 | D:6      | Killed an ice beast
  3992 | D:6      | Reached skill level 1 in Invocations
  4085 | D:6      | Noticed an orc warrior
  4105 | D:6      | Killed an orc warrior
  4105 | D:6      | Gained mutation: You have a pair of small horns on your head. [demonic ancestry]
  4105 | D:6      | Reached XP level 7. HP: 23/52 MP: 8/8
  4384 | D:6      | Found Udiv's Antique Weapon Emporium.
  4766 | D:7      | Reached skill level 8 in Unarmed Combat
  4860 | D:7      | Found a staircase to the Ecumenical Temple.
  4879 | D:7      | Gained mutation: You have razor-sharp toenails. [demonic ancestry]
  4879 | D:7      | Reached XP level 8. HP: 43/60 MP: 10/10
  4898 | D:7      | Noticed Prince Ribbit
  4906 | D:7      | Killed Prince Ribbit
  5186 | D:7      | Reached *** piety under Cheibriados
  5274 | D:7      | Reached skill level 5 in Fighting
  5274 | D:7      | Reached skill level 9 in Unarmed Combat
  5274 | D:7      | Reached skill level 5 in Invocations
  5674 | D:7      | You fall through a shaft for 2 floors!
  5739 | D:8      | Gained mutation: You have a pair of horns on your head. [demonic ancestry]
  5739 | D:8      | Reached XP level 9. HP: 36/69 MP: 13/13
  6031 | D:7      | Reached **** piety under Cheibriados
  6312 | D:7      | Noticed Crazy Yiuf
  6315 | D:7      | Killed Crazy Yiuf
  6476 | D:8      | Found an ancient bone altar of Kikubaaqudgha.
  7289 | D:8      | Identified a +0 rod of ignition (13/13) (You found it on level 8 of the Dungeon)
  7500 | D:8      | Reached ***** piety under Cheibriados
  7542 | D:9      | Reached skill level 1 in Armour
  7561 | D:9      | Reached skill level 10 in Unarmed Combat
  7569 | D:9      | Killed from afar by an orc priest

Action                   |  1- 3 |  4- 6 |  7- 9 || total
-------------------------+-------+-------+-------++-------
Melee: Unarmed           |   116 |    94 |   243 ||   453
Invok: Bend Time         |       |       |     1 ||     1
Evoke: Rod               |       |       |     2 ||     2
  Use: Potion            |       |       |     2 ||     2
 Stab: Sleeping          |     5 |     1 |     6 ||    12
  Eat: Fruit             |     2 |       |       ||     2
       Chunk             |     1 |       |     2 ||     3
       Meat ration       |       |     2 |       ||     2
       Bread ration      |       |       |     2 ||     2
